 Dungeon Crawl Stone Soup version 0.17-a0-2093-gc772f4b (webtiles) character file.

935050 Xuu the Conqueror (level 27, -7/273 HPs)
             Began as a Minotaur Gladiator on Oct 16, 2015.
             Was the Champion of Ashenzari.
             Killed by an exploding ball lightning (8 damage)
             ... created by Lom Lobon
             ... in Pandemonium on Oct 17, 2015.
             The game lasted 10:43:32 (80524 turns).

Xuu the Conqueror (Minotaur Gladiator)             Turns: 80524, Time: 10:43:32

Health: -7/273     AC: 54    Str: 37    XL:     27
Magic:  28/42      EV: 37    Int: 12    God:    Ashenzari [******]
Gold:   5603       SH:  0    Dex: 29    Spells: 11 memorised, 23 levels left

rFire  . . .     SeeInvis +     x - +9 bardiche (protect) (curse)
rCold  . . .     Clarity  +     t - +10 storm dragon armour (curse)
rNeg   + . .     SustAt   +     (no shield)
rPois  +         Gourm    .     v - +1 hat "Dyutas" {Str+5 Int+3} (curse)
rElec  +         Spirit   .     G - +2 cloak {rPois} (curse)
rCorr  .         Warding  .     H - +2 pair of gloves "Viniw" {Str+5} (curse)
rMut   +         Stasis   .     E - +2 pair of boots {Stlth+} (curse)
MR     ++...                    O - amulet of Agineosm {rMut Int+4} (curse)
Stlth  ..........               U - ring of Letihoc {SustAt rElec rN+ Slay+3} (curse)
                                f - ring "Qoazuzec" {AC+4 Dex+5} (curse)

@: mighty, about to teleport, silence, frozen, flying (expiring), very slightly
contaminated, hasted, deflect missiles, quick, very resistant to hostile
enchantments, extremely unstealthy
A: retaliatory headbutt, horns 2, talons 1, agile 1
a: Renounce Religion
}: 9/15 runes: decaying, serpentine, slimy, silver, abyssal, demonic, glowing,
fiery, dark


You were in Pandemonium.
You worshipped Ashenzari.
Ashenzari was exalted by your worship.
You were hungry.

You visited 10 branches of the dungeon, and saw 55 of its levels.
You visited Pandemonium 1 time, and saw 24 of its levels.
You visited the Abyss 3 times.
You also visited: Ice Cave and Wizlab.

You collected 9197 gold pieces.
You spent 3594 gold pieces at shops.

Inventory:

Hand Weapons
 x - a cursed +9 bardiche of protection (weapon)
Armour
 t - a cursed +10 storm dragon armour (worn)
 v - the cursed +1 hat "Dyutas" (worn) {Str+5 Int+3}
   (You acquired it in Pandemonium)

   It affects your strength (+5).
   It affects your intelligence (+3).
   It has a curse placed upon it.
 E - a cursed +2 pair of boots of stealth (worn)
 G - a cursed +2 cloak of poison resistance (worn)
 H - the cursed +2 pair of gloves "Viniw" (worn) {Str+5}
   (You found it on level 3 of the Swamp)

   It affects your strength (+5).
   It has a curse placed upon it.
Jewellery
 f - the cursed ring "Qoazuzec" (left hand) {AC+4 Dex+5}
   (You found it on level 10 of the Dungeon)

   [ring of protection]

   It affects your AC (+4).
   It affects your dexterity (+5).
   It has a curse placed upon it.
 O - the cursed amulet of Agineosm (around neck) {rMut Int+4}
   (You took it off a deep elf blademaster on level 3 of the Elven Halls)

   [amulet of resist mutation]

   It protects you from mutation.
   It affects your intelligence (+4).
   It has a curse placed upon it.
 S - the ring "Xaofux" {rN+ AC+3 Int+4}
   (You took it off an ironbrand convoker on level 5 of the Vaults)

   [ring of protection]

   It affects your AC (+3).
   It affects your intelligence (+4).
   It protects you from negative energy.
 U - the cursed ring of Letihoc (right hand) {SustAt rElec rN+ Slay+3}
   (You took it off a seraph in Pandemonium)

   [ring of sustain attributes]

   It sustains your strength, intelligence and dexterity.
   It affects your accuracy and damage with ranged weapons and melee attacks
   (+3).
   It insulates you from electricity.
   It protects you from negative energy.
   It has a curse placed upon it.
 Y - the ring of the Establishment {+Fly Str-2 Int+4 Dex+4 SInv}
   (You took it off a balrug in Pandemonium)

   [ring of flight]

   It affects your strength (-2).
   It affects your intelligence (+4).
   It affects your dexterity (+4).
   It lets you see invisible.
   It lets you fly.
Wands
 h - a wand of heal wounds (0)
 j - a wand of cold (3)
 B - a wand of hasting (4)
 I - a wand of teleportation (3)
 J - a wand of fire (4)
 K - a wand of draining (6)
 M - a wand of digging (15)
 P - a wand of invisibility (4)
 R - a wand of fireball (6)
 W - a wand of fireball (8)
Scrolls
 a - 2 scrolls of curse armour
 b - a scroll of summoning
 e - 15 scrolls of identify
 l - 8 scrolls of teleportation
 o - 7 scrolls of blinking
 p - a scroll of enchant weapon
 w - 8 scrolls of remove curse
 y - 5 scrolls of magic mapping
 C - 3 scrolls of enchant armour
 D - 4 scrolls of holy word
 V - 9 scrolls of fear
Potions
 c - 5 potions of flight
 g - 4 potions of resistance
 k - a potion of magic
 m - 4 potions of haste
 n - a potion of mutation
 q - 25 potions of curing
 s - 8 potions of heal wounds
 z - 3 potions of agility
 F - 3 potions of might
 Q - 2 potions of cancellation
Books
 r - a book of Geomancy

   Spells                             Type                      Level
   a - Sandblast                      Earth                        1
   b - Stoneskin                      Transmutation/Earth          2
   c - Passwall                       Transmutation/Earth          3
   d - Stone Arrow                    Conjuration/Earth            3
   e - Petrify                        Transmutation/Earth          4
   f - Lee's Rapid Deconstruction     Earth                        5
 L - a book of Necromancy

   Spells                             Type                      Level
   a - Pain                           Necromancy                   1
   b - Animate Skeleton               Necromancy                   1
   c - Vampiric Draining              Necromancy                   3
   d - Regeneration                   Charms/Necromancy            3
   e - Animate Dead                   Necromancy                   4
   f - Control Undead                 Necromancy                   4
 N - a Fen Folio

   Spells                             Type                      Level
   a - Corpse Rot                     Necromancy                   2
   b - Stone Arrow                    Conjuration/Earth            3
   c - Leda's Liquefaction            Hexes/Earth                  4
   d - Summon Forest                  Summoning/Translocation      5
   e - Hydra Form                     Transmutation                6
   f - Summon Hydra                   Summoning                    7
Miscellaneous
 A - an ornate deck of defence {drawn: 2}
 T - a legendary deck of defence {drawn: 2}
 X - an ornate deck of changes
 Z - a phantom mirror
Comestibles
 d - 16 slices of pizza
 i - 3 bread rations
 u - 5 meat rations


   Skills:
 O Level 27 Fighting
 - Level 23.0(27) Polearms
 - Level 23.0(27) Armour
 O Level 27 Dodging
 - Level 16.0 Spellcasting
 - Level 4.0(8.2) Hexes
 - Level 10.0(14.3) Charms
 + Level 8.0(12.5) Translocations
 - Level 9.0(13.3) Air Magic
 - Level 5.0(9.4) Earth Magic
 - Level 5.0(9.4) Evocations


You had 23 spell levels left.
You knew the following spells:

 Your Spells              Type           Power        Failure   Level  Hunger
b - Blink                 Tloc           N/A          1%          2    None
c - Swiftness             Chrm/Air       #####...     1%          2    None
d - Spectral Weapon       Hex/Chrm       #####...     1%          3    None
f - Silence               Hex/Air        #####.....   4%          5    #####..
g - Haste                 Chrm           #####...     6%          6    ######.
h - Deflect Missiles      Chrm/Air       #####.....   10%         6    ######.
i - Song of Slaying       Chrm           #####...     1%          2    None
j - Tukima's Dance        Hex            ####....     1%          3    None
k - Regeneration          Chrm/Necr      ####......   1%          3    None
l - Stoneskin             Trmt/Erth      ###.....     1%          2    None
m - Apportation           Tloc           #####.....   1%          1    None


Dungeon Overview and Level Annotations

Branches:
Dungeon (15/15)            Temple (1/1) D:7            Lair (8/8) D:8
  Swamp (4/4) Lair:6        Snake (4/4) Lair:3        Slime (6/6) Lair:6
    Orc (4/4) D:9             Elf (3/3) Orc:3        Vaults (5/5) D:13
  Crypt (0/3) Vaults:2     Depths (5/5) D:15            Zot (0/5) Depths:5

Altars:
Ashenzari
Cheibriados
Dithmenos
Elyvilon
Fedhas
Gozag
Kikubaaqudgha
Makhleb
Nemelex Xobeh
Okawaru
Qazlal
Ru
Sif Muna
Trog
Vehumet
Xom
Yredelemnul
Zin
The Shining One
Beogh
Jiyva

Shops:
D:7 :   D:13 !   D:14 !   Orc:2 [   Orc:4 *[(:   Elf:1 (   Elf:3 %   Vaults:1 *

Portals:
Hell: Depths:1 Depths:2 Depths:3 Depths:4 Depths:5
Abyss: Depths:4
Pandemonium: Depths:3 Depths:4
Ziggurat: Depths:3
Trove: Elf:2 (give 2 potions of cure mutation)

Annotations:
D:1 exclusion: downstairs
D:9 1 runed door
Orc:4 20 exclusions, Saint Roka
Depths:3 ZIGGURAT
Pan Lom Lobon Trove TROVE: 2 Cure Mut potions.


Innate Abilities, Weirdness & Mutations

You reflexively headbutt those who attack you in melee.
You have a pair of horns on your head.
You have sharp toenails.
You are agile. (Dex +2)


Message History

The blast of lightning engulfs the ball lightning.
The ball lightning completely resists.
The blast of lightning engulfs you! You resist.
* * * LOW HITPOINT WARNING * * *
The blast of lightning engulfs Lom Lobon.
Lom Lobon completely resists.
You slash Lom Lobon! You headbutt Lom Lobon!
Lom Lobon is moderately wounded.
You are engulfed in freezing vapours.
* * * LOW HITPOINT WARNING * * *
Your skin stops crawling.
* * * LOW HITPOINT WARNING * * *
Lom Lobon gestures at you.
Lom Lobon conjures a mighty blast of ice!
The great icy blast engulfs you!
* * * LOW HITPOINT WARNING * * *
You are encased in ice.
The ball lightning explodes!
The blast of lightning engulfs you! You resist.
You die...

#### ####§§##### **** ##
###§§§§§§§§§##**,,**##.
#§§§§§§§§§§§§##,,,,##.. ####
##§§§§§@§§§§§§§#,,,,#... ...#
#.§§§§§§&§§§§§§#*,,##... ...#
#..§§§§§*§§§§§..#,.#....
...#######..§§§§###§§§§..........
.......##...§§§## #§§§§..........
.#####.##...§§## #§§§§..........
.#...#.#≈.§.§§## #..§§...≈≈.....
.#...#.#≈.≈≈...# #$.....≈≈≈≈....
.#...'.#≈.≈≈≈..## #.....≈≈..≈≈...


You could see Lom Lobon and a ball lightning.

Vanquished Creatures
  Cerebov (Pan)
  the royal jelly (Slime:6)
  Gloorx Vloq (Pan)
  A seraph (Pan)
  Mnoleg (Pan)
  3 ancient liches
  Mara (Depths:4)
  3 juggernauts
  Boris (Depths:5)
  Margery (Vaults:3)
  4 caustic shrikes (Depths:3)
  3 golden dragons
  Jory (Vaults:4)
  the Enchantress (Depths:2)
  3 bone dragons
  3 Brimstone Fiends (Pan)
  5 tentacled monstrosities
  5 pandemonium lords (Pan)
  An Ice Fiend (Pan)
  A Hell Sentinel (Pan)
  3 Shadow Fiends (Pan)
  10 liches
  5 deep elf blademasters
  2 deep elf master archers (Elf:3)
  3 sphinxes
  6 titans
  21 acid blobs
  A kraken (Abyss:3)
  18 Executioners (Pan)
  2 quicksilver dragons
  4 tentacled starspawn
  An ancient champion (WizLab)
  6 octopode crushers
  3 thorn hunters
  5 shadow dragons (Vaults:5)
  5 tengu reavers
  13 greater nagas
  12 storm dragons
  24 azure jellies
  3 revenants
  3 daevas (Pan)
  12 frost giants
  Donald (Elf:2)
  2 emperor scorpions (Depths:2)
  A draconian knight (Depths:5)
  7 fire giants
  8 deep elf sorcerers
  12 vault wardens
  A draconian scorcher (Abyss:4)
  A juggernaut zombie (Depths:2)
  2 curse skulls (Pan)
  15 angels (Pan)
  2 iron dragons
  3 draconian zealots
  An orc warlord (Vaults:5)
  19 balrugs
  7 warmongers (Pan)
  19 ironheart preservers
  26 very ugly things
  20 cacodemons
  A draconian annihilator (Pan)
  10 spriggan defenders
  10 ophanim (Pan)
  3 vampire knights
  10 reapers (Pan)
  5 deep elf demonologists (Elf:3)
  21 stone giants
  8 blood saints (Pan)
  3 lorocyprocas (Pan)
  A black draconian (Depths:5)
  4 corrupters (Pan)
  A green draconian (Abyss:2)
  9 apis (Pan)
  A mottled draconian (Depths:5)
  5 chaos champions (Pan)
  4 salamander stormcallers
  13 deep elf annihilators
  A white draconian (Depths:5)
  A yellow draconian (Depths:5)
  2 dire elephants (Depths:2)
  15 green deaths
  14 ettins
  3 red draconians (Depths:5)
  14 blizzard demons
  5 deep elf death magi
  3 merfolk javelineers
  9 death oozes
  39 vault guards
  A merfolk impaler (Depths:4)
  A crystal guardian (Vaults:3)
  10 fire dragons
  Josephine (Swamp:1)
  The ghost of Vergil the Covert, a journeyman VSGl of Dithmenos (Lair:5)
  20 great orbs of eyes
  4 deep elf high priests
  9 ice dragons
  A ghost crab (shapeshifter) (Vaults:5)
  6 entropy weavers
  10 rakshasas
  30 naga warriors
  A quicksilver dragon skeleton (Pan)
  13 hydras
  6 monstrous demonspawn (Pan)
  5 hell beasts
  2 merfolk avatars (Depths:2)
  22 yaktaur captains
  7 spriggan air magi
  13 anacondas
  The ghost of Frontstab the Covert, a journeyman HaAs of Okawaru (D:10)
  15 deep troll shamans
  A catoblepas (Lair:6)
  10 centaur warriors
  2 ghost crabs (Swamp:2)
  22 dancing weapons
  10 ogre magi
  6 thrashing horrors
  15 deep troll earth magi
  2 satyrs (Depths:2)
  4 tengu warriors
  5 alligators
  3 hell hogs
  13 shock serpents
  2 vampire magi
  10 spriggan berserkers
  8 death yaks
  Urug (D:14)
  16 naga sharpshooters
  An orc high priest (Orc:4)
  9 soul eaters (Pan)
  The ghost of krfreak the Cleaver, a novice HOFi of Makhleb (D:9)
  12 hell knights
  Nergalle (Orc:1)
  A storm dragon zombie (Abyss:4)
  30 deep elf knights
  31 sun demons
  3 salamander mystics
  6 wretched stars
  A titan skeleton (Depths:3)
  8 wizards
  9 shadow wraiths
  4 gelid demonspawn (Pan)
  21 small abominations
  17 skeletal warriors
  An unseen horror (Vaults:1)
  13 deep elf summoners
  14 cherubim (Pan)
  10 giant orange brains
  2 spatial maelstroms
  15 ice devils
  5 iron trolls
  5 shadow demons (Pan)
  2 infernal demonspawn (Pan)
  A tengu zombie (Depths:2)
  5 torturous demonspawn (Pan)
  9 naga ritualists
  An ice statue (Depths:2)
  53 deep trolls
  A shambling mangrove (Depths:2)
  7 putrid demonspawn (Pan)
  Pikel (D:5)
  13 ironbrand convokers
  An anaconda skeleton (Pan)
  A flayed ghost (Depths:2)
  10 swamp dragons
  24 deep elf conjurers
  13 orc knights
  The ghost of yokelz the Ruffian, a novice NaTm (D:5)
  64 ugly things
  2 hornets
  9 necromancers
  5 orc sorcerers
  18 salamanders
  8 hill giants
  12 mana vipers
  3 phantasmal warriors
  4 griffons
  An anubis guard (shapeshifter) (Vaults:5)
  5 manticores
  7 shining eyes
  10 harpies
  A mana viper (shapeshifter) (Vaults:4)
  3 water nymphs (Depths:2)
  12 guardian serpents
  A cyclops (shapeshifter) (Abyss:4)
  A worldbinder (Abyss:4)
  5 wolf spiders
  A wolf spider (shapeshifter) (Vaults:5)
  An iron dragon skeleton (Pan)
  19 sixfirhies
  7 cyclopes
  A rust devil (Depths:4)
  A water nymph (shapeshifter) (Depths:3)
  53 black mambas
  A frost giant skeleton (Vaults:3)
  An elephant (shapeshifter) (Depths:3)
  21 elephants
  A shock serpent zombie (Abyss:1)
  3 centaur zombies
  A molten gargoyle (Orc:2)
  22 vault sentinels
  2 apocalypse crabs
  2 fire giant skeletons (Pan)
  26 naga magi
  22 smoke demons
  A black mamba (shapeshifter) (Vaults:4)
  A gargoyle (D:11)
  A spiny frog (shapeshifter) (Vaults:5)
  Psyche (D:11)
  3 kobold demonologists
  2 eyes of devastation (Slime:6)
  15 spiny frogs
  11 demonic crawlers
  A guardian serpent (shapeshifter) (Vaults:3)
  A spriggan zombie (Depths:2)
  3 fire drakes
  58 yaktaurs
  6 tormentors
  4 hellions
  32 hellwings
  21 orange demons
  4 spriggan druids
  7 komodo dragons
  14 red devils
  3 giant leeches
  13 two-headed ogres
  A wolf spider simulacrum (Abyss:2)
  2 yaktaurs (shapeshifter)
  6 freezing wraiths
  15 deep elf priests
  27 polar bears
  7 ancient zymes
  4 jumping spiders
  3 efreet (Pan)
  15 wind drakes (Pan)
  6 trolls
  A queen bee (shapeshifter) (Vaults:3)
  A tengu conjurer (Depths:2)
  12 raiju
  4 blue devils
  3 boulder beetles
  8 bog bodies
  143 slime creatures
  An ettin zombie (Depths:2)
  4 air elementals
  12 blink frogs
  A flying skull (Abyss:4)
  2 spriggans (shapeshifter) (Vaults:1)
  72 yaks
  A redback (shapeshifter) (Vaults:5)
  24 redbacks
  18 spriggans
  Sigmund (D:2)
  13 water elementals
  2 wyverns
  39 deep elf magi
  An ettin skeleton (Pan)
  2 fire dragon skeletons
  A fire giant simulacrum (Depths:3)
  6 shadows
  A fire elemental (Abyss:2)
  5 vampires
  3 hill giant zombies (WizLab)
  A human (shapeshifter) (Vaults:5)
  A human (D:7)
  28 vampire mosquitoes
  47 deep elf fighters
  4 basilisks
  16 chaos spawn
  A golden eye (shapeshifter) (Vaults:5)
  23 golden eyes
  A hippogriff (shapeshifter) (Vaults:4)
  20 ynoxinuls
  11 hippogriffs
  7 hungry ghosts
  7 wraiths
  A hog (shapeshifter) (Vaults:5)
  13 insubstantial wisps
  3 mottled dragons
  3 human simulacra
  36 wolves
  A stone giant simulacrum (Vaults:1)
  Menkaure (D:7)
  2 steam dragons
  A wolf (shapeshifter) (Depths:2)
  A naga (shapeshifter) (Elf:1)
  24 swamp worms
  6 spatial vortices
  A water moccasin (shapeshifter) (Depths:1)
  4 wargs
  25 neqoxecs
  A soldier ant (D:13)
  14 water moccasins
  47 large abominations
  95 nagas
  16 wasps
  2 eyes of draining (shapeshifter) (Vaults:4)
  11 porcupines
  6 black bears
  A spriggan simulacrum (Depths:3)
  An orc zombie (Vaults:1)
  8 eyes of draining
  41 orc warriors
  A human zombie (Vaults:1)
  3 sky beasts
  3 swamp drakes (Swamp:1)
  A necrophage (D:12)
  An elf zombie (Vaults:3)
  44 ogres
  12 boggarts
  4 phantoms
  10 crocodiles
  An ettin simulacrum (Vaults:2)
  3 human skeletons
  11 centaurs
  A big kobold (shapeshifter) (Vaults:5)
  Blork the orc (Orc:3)
  A gnoll sergeant (D:11)
  4 big kobolds
  An elf skeleton (Pan)
  4 brain worms
  17 giant frogs
  A wyvern zombie (D:14)
  15 killer bees
  7 troll zombies (WizLab)
  A killer bee (shapeshifter) (Vaults:5)
  3 scorpions
  8 wights
  8 electric eels
  A lava snake (Orc:2)
  9 crimson imps
  19 starcursed masses
  A giant frog zombie (D:10)
  6 hounds
  An iron imp (Depths:4)
  28 jellies
  38 orc wizards
  2 quasits
  24 orc priests
  15 iguanas
  15 worker ants
  41 sheep
  9 ogre zombies (WizLab)
  A hound zombie (D:9)
  3 gnolls (D:11)
  22 river rats
  6 shadow imps
  13 adders
  2 white imps
  2 ufetubi (Depths:4)
  3 oozes
  2 adder zombies (D:9)
  3 worms
  6 giant geckos
  159 orcs
  8 hobgoblins
  6 jackals
  8 quokkas
  5 bats
  A giant cockroach (shapeshifter) (Vaults:5)
  2 giant cockroaches
  A giant gecko skeleton (D:5)
  4 giant newts
  7 goblins
  22 kobolds
  2 quokka skeletons (D:8)
  6 rats
  4 briar patches
  2 fungi
  8 macabre masses (Abyss:4)
  3 plants (Lair:7)
3480 creatures vanquished.

Vanquished Creatures (collateral kills)
  Xtahua (Depths:5)
  A frost giant (Depths:5)
  A giant orange brain (Depths:5)
  3 ugly things (Depths:5)
  A salamander (Depths:5)
  4 yaktaurs (Depths:5)
  A redback (Depths:5)
  A tarantella (Depths:5)
  An orc warrior (Orc:4)
  An orc (Orc:4)
15 creatures vanquished.

Vanquished Creatures (others)
  An eldritch tentacle (Pan)
  2 tengu reavers
  A fire giant (Vaults:5)
  A stone giant (Depths:3)
  A spriggan defender (Depths:2)
  A spriggan air mage (Pan)
  A rakshasa (Pan)
  A soul eater (Pan)
  An ice devil (Abyss:2)
  10 ball lightnings (Pan)
  An orange demon (Swamp:4)
  A smoke demon (Pan)
  3 yaktaurs
  2 raiju
  A dancing weapon (Pan)
  A wind drake (Pan)
  A small abomination (Slime:5)
  A spatial vortex (Abyss:4)
  2 slaves (D:5)
  An ogre (Depths:2)
  An orc (D:5)
  3 briar patches (Depths:2)
  80 eldritch tentacle segments (Pan)
  39 fungi
  26 plants
  5 spectral weapons
  7 starspawn tentacles
  36 starspawn tentacle segments
  4 tentacles (Abyss:3)
  10 tentacle segments (Abyss:3)
245 creatures vanquished.

Grand Total: 3740 creatures vanquished

Notes
Turn   | Place    | Note
--------------------------------------------------------------
     0 | D:1      | Xuu the Minotaur Gladiator began the quest for the Orb.
     0 | D:1      | Reached XP level 1. HP: 18/18 MP: 0/0
   117 | D:1      | Reached XP level 2. HP: 22/25 MP: 1/1
   757 | D:1      | Reached skill level 4 in Staves
   894 | D:2      | Noticed Sigmund
  1034 | D:2      | Reached XP level 3. HP: 16/31 MP: 2/2
  1410 | D:2      | Killed Sigmund
  1410 | D:2      | Reached skill level 5 in Staves
  1410 | D:2      | Reached XP level 4. HP: 26/41 MP: 3/3
  1410 | D:2      | Reached XP level 5. HP: 29/47 MP: 4/4
  1683 | D:3      | Reached skill level 5 in Dodging
  1760 | D:3      | Reached skill level 1 in Armour
  1760 | D:3      | Reached XP level 6. HP: 37/53 MP: 5/5
  2177 | D:4      | Reached skill level 5 in Fighting
  2414 | D:4      | Reached skill level 6 in Staves
  2557 | D:5      | Entered Level 5 of the Dungeon
  2569 | D:5      | Reached XP level 7. HP: 37/61 MP: 6/6
  2914 | D:5      | Noticed yokelz's ghost (novice NaTm)
  3125 | D:5      | Noticed Pikel
  3139 | D:5      | Reached skill level 7 in Staves
  3158 | D:5      | Killed Pikel
  3158 | D:5      | Reached skill level 8 in Staves
  3158 | D:5      | Reached XP level 8. HP: 11/68 MP: 7/7
  3476 | D:5      | Found Luttue's Magic Scroll Emporium.
  3484 | D:5      | Bought a scroll of remove curse for 36 gold pieces
  3484 | D:5      | Bought a scroll of teleportation for 36 gold pieces
  3484 | D:5      | Bought a scroll of identify for 24 gold pieces
  3484 | D:5      | Bought a scroll of identify for 24 gold pieces
  3484 | D:5      | Bought a scroll of identify for 24 gold pieces
  3484 | D:5      | Bought a scroll of remove curse for 36 gold pieces
  3749 | D:5      | Killed yokelz's ghost
  3749 | D:5      | Reached skill level 9 in Staves
  4193 | D:6      | Found a bloodstained altar of Trog.
  4465 | D:6      | Reached skill level 10 in Staves
  4465 | D:6      | Reached XP level 9. HP: 73/75 MP: 8/8
  4793 | D:7      | Found a staircase to the Ecumenical Temple.
  4813 | D:7      | Noticed Menkaure
  4875 | D:7      | Killed Menkaure
  5134 | D:7      | Reached skill level 11 in Staves
  5149 | D:7      | Found Unkik's Book Shop.
  5918 | D:8      | Reached skill level 12 in Staves
  5918 | D:8      | Reached XP level 10. HP: 66/91 MP: 9/9
  6027 | Temple   | Entered the Ecumenical Temple
  6069 | Temple   | Became a worshipper of Ashenzari the Shackled
  6115 | Temple   | Identified a +0 rod of destruction (10/10) (You found it on level 7 of the Dungeon)
  6139 | D:8      | Found a staircase to the Lair.
  6621 | Lair:1   | Entered Level 1 of the Lair of Beasts
  6804 | Lair:2   | Noticed a six-headed hydra
  6809 | Lair:2   | Killed a six-headed hydra
  6809 | Lair:2   | Reached skill level 10 in Fighting
  6827 | Lair:2   | Reached skill level 13 in Staves
  7361 | Lair:1   | Reached * piety under Ashenzari
  8333 | Lair:2   | Got the uncursed chain mail "Quav" {rElec}
  8385 | Lair:2   | Reached skill level 14 in Staves
  8427 | Lair:2   | Identified the +9 chain mail "Quav" {rElec} (You found it on level 2 of the Lair of Beasts)
  8781 | Lair:3   | Reached XP level 11. HP: 102/102 MP: 10/10
  8782 | Lair:3   | Found a staircase to the Snake Pit.
  9198 | Lair:3   | Reached skill level 15 in Staves
  9202 | Lair:3   | Gained mutation: Your natural rate of healing is unusually fast. [potion of mutation]
  9202 | Lair:3   | Gained mutation: Your magical capacity is low (-10% MP). [potion of mutation]
  9202 | Lair:3   | Gained mutation: You can spit weak poison. [potion of mutation]
  9592 | Lair:3   | Reached ** piety under Ashenzari
 10273 | Lair:4   | Noticed an anaconda
 10294 | Lair:4   | Killed an anaconda
 10315 | Lair:4   | Reached skill level 10 in Armour
 11126 | Lair:5   | Reached XP level 12. HP: 101/110 MP: 9/9
 11556 | Lair:5   | Noticed Vergil's ghost (journeyman VSGl)
 11645 | Lair:5   | Noticed a five-headed hydra
 11650 | Lair:5   | Killed a five-headed hydra
 11687 | Lair:5   | Reached skill level 10 in Dodging
 11696 | Lair:5   | Noticed a five-headed hydra
 11704 | Lair:5   | Killed a five-headed hydra
 11732 | Lair:5   | Killed Vergil's ghost
 11834 | Lair:5   | Reached *** piety under Ashenzari
 12366 | Lair:6   | Noticed a catoblepas
 12388 | Lair:6   | Killed a catoblepas
 12511 | Lair:6   | Reached XP level 13. HP: 93/118 MP: 7/10
 12533 | Lair:6   | Found a staircase to the Slime Pits.
 12868 | Lair:6   | Found a staircase to the Swamp.
 13651 | Lair:7   | Reached skill level 15 in Armour
 13854 | Lair:7   | Reached **** piety under Ashenzari
 14452 | Lair:8   | Entered Level 8 of the Lair of Beasts
 14832 | Lair:8   | Reached skill level 15 in Fighting
 15218 | Lair:8   | Reached XP level 14. HP: 135/135 MP: 11/11
 15582 | Lair:8   | Reached ***** piety under Ashenzari
 15691 | Lair:8   | Reduced skill Throwing to level 1
 16164 | Lair:2   | Learned a level 2 spell: Repel Missiles
 16167 | Lair:2   | Learned a level 2 spell: Swiftness
 16259 | D:9      | Noticed krfreak's ghost (novice HOFi)
 16291 | D:9      | Killed krfreak's ghost
 16294 | D:9      | Found a staircase to the Orcish Mines.
 16431 | D:9      | Found a glowing golden altar of the Shining One.
 16450 | D:9      | Noticed an angel
 16451 | D:9      | Found a runed door.
 16520 | D:9      | Gained mutation: You can translocate small distances at will. [mutagenic meat]
 16521 | D:9      | Gained mutation: You evolve. [mutagenic meat]
 16695 | Orc:1    | Entered Level 1 of the Orcish Mines
 16803 | Orc:1    | Noticed Nergalle
 16834 | Orc:1    | Killed Nergalle
 17194 | Orc:2    | Found Omugh's Armour Shoppe.
 17537 | Orc:3    | Found a roughly hewn altar of Beogh.
 17548 | Orc:3    | Found a staircase to the Elven Halls.
 18107 | Orc:4    | Entered Level 4 of the Orcish Mines
 18411 | Orc:4    | Noticed Blork the orc
 18427 | Orc:3    | Killed Blork the orc
 18430 | Orc:3    | Gained mutation: Your magical capacity is very low (-20% MP). [potion of mutation]
 19817 | Orc:4    | Noticed Saint Roka
 20185 | Orc:4    | Found a roughly hewn altar of Beogh.
 20670 | Orc:4    | Found Miawytt's Book Boutique.
 20961 | Orc:4    | Found Relock's Antique Weapon Boutique.
 21001 | Orc:4    | Found Zewippoe's Antique Armour Boutique.
 21008 | Orc:4    | Bought a pair of boots for 94 gold pieces
 21008 | Orc:4    | Bought a heavy robe for 119 gold pieces
 21008 | Orc:4    | Identified the +0 robe of Heresy {-Tele rElec rN+++ Dex+2} (You bought it in a shop on level 4 of the Orcish Mines)
 21299 | Orc:4    | Found Boqoa's General Store.
 21307 | Orc:4    | Bought 3 scrolls of enchant weapon for 382 gold pieces
 21307 | Orc:4    | Bought a scroll of holy word for 127 gold pieces
 21307 | Orc:4    | Bought a scroll of identify for 34 gold pieces
 21307 | Orc:4    | Bought a scroll of enchant armour for 127 gold pieces
 21856 | D:10     | Entered Level 10 of the Dungeon
 22017 | D:10     | Identified the ring "Qoazuzec" {AC+4 Dex+5}
 22106 | D:10     | Gained mutation: You are agile. (Dex +2) [mutagenic meat]
 22107 | D:10     | Gained mutation: You are weak. (Str -2) [mutagenic meat]
 22180 | D:10     | Noticed Frontstab's ghost (journeyman HaAs)
 22208 | D:10     | Killed Frontstab's ghost
 22208 | D:10     | Reached skill level 15 in Dodging
 22813 | D:11     | Identified the cursed +1 robe of Olakuafi {Int+2}
 22838 | D:11     | Gained mutation: You are partially covered in icy blue scales (AC +1). [mutagenic meat]
 22841 | D:11     | Lost mutation: You are weak. (Str -2) [mutagenic meat]
 22842 | D:11     | Gained mutation: You are surrounded by a mild repulsion field (EV +2). [mutagenic meat]
 22930 | D:11     | Found a frozen archway.
 22954 | IceCv    | Entered an ice cave
 23009 | IceCv    | Identified the +3 great mace of Propriety {holy, rF+}
 23199 | IceCv    | Reached XP level 15. HP: 120/141 MP: 11/11
 23397 | IceCv    | Noticed a frost giant
 23449 | IceCv    | Killed a frost giant
 23531 | IceCv    | Identified the +3 demon trident of the Many Gods {drain, Str+5}
 23531 | IceCv    | Identified the Disquisition on Talismans
 23547 | IceCv    | Learned a level 3 spell: Spectral Weapon
 23863 | D:11     | Noticed Psyche
 23866 | D:11     | Killed Psyche
 23866 | D:11     | Reached skill level 16 in Armour
 23898 | D:11     | Identified the +7 war axe of Fimbulwinter {chop, rElec rN+}
 24097 | D:11     | Gained mutation: You are robust (+10% HP). [mutagenic meat]
 24597 | D:12     | Identified the +7 short sword of Defence {pain, Int+2 Stlth+}
 24603 | D:12     | Gained mutation: You have a pair of large horns on your head. [evolution]
 25548 | D:13     | Reached skill level 1 in Spellcasting
 25570 | D:13     | Reached ****** piety under Ashenzari
 25795 | D:13     | Found Ipneb's Distillery.
 25803 | D:13     | Bought a potion of haste for 100 gold pieces
 25803 | D:13     | Bought a potion of curing for 30 gold pieces
 25803 | D:13     | Bought 2 potions of agility for 80 gold pieces
 25803 | D:13     | Bought a potion of heal wounds for 50 gold pieces
 25803 | D:13     | Bought a potion of curing for 30 gold pieces
 25803 | D:13     | Bought a potion of haste for 100 gold pieces
 25803 | D:13     | Bought a potion of mutation for 25 gold pieces
 25803 | D:13     | Bought a potion of agility for 40 gold pieces
 25803 | D:13     | Bought a potion of flight for 30 gold pieces
 25872 | D:13     | Found an ancient bone altar of Kikubaaqudgha.
 26026 | D:13     | Found a gate to the Vaults.
 26448 | D:13     | Reached skill level 1 in Polearms
 26747 | D:14     | Reached skill level 5 in Polearms
 26764 | D:14     | Reached skill level 1 in Charms
 26771 | D:14     | Reached skill level 17 in Armour
 26797 | D:14     | Gained mutation: Potions and wands are less effective at restoring your health. [mutagenic meat]
 26799 | D:14     | Lost mutation: You have a pair of large horns on your head. [mutagenic meat]
 27062 | Lair:2   | Lost mutation: You are partially covered in icy blue scales (AC +1). [potion of mutation]
 27062 | Lair:2   | Lost mutation: Potions and wands are less effective at restoring your health. [potion of mutation]
 27166 | Snake:1  | Entered Level 1 of the Snake Pit
 27231 | Snake:1  | Identified the +2 pair of gloves of Nagian {MR+ SInv}
 27507 | Snake:1  | Reached skill level 10 in Polearms
 27954 | Snake:2  | Reached XP level 16. HP: 140/166 MP: 16/16
 28259 | Snake:2  | Reduced skill Staves to level 10
 28388 | Snake:2  | Reached skill level 15 in Polearms
 29090 | Snake:3  | Identified the ring "Weepsouc" {+Fly MR+ Int+3}
 29325 | Snake:3  | Reduced skill Staves to level 5
 29362 | Snake:3  | Reached skill level 18 in Polearms
 29585 | Snake:3  | Reached skill level 19 in Polearms
 29612 | Snake:3  | Lost mutation: You are robust (+10% HP). [mutagenic meat]
 29613 | Snake:3  | Gained mutation: You have sharp toenails. [mutagenic meat]
 29614 | Snake:3  | Gained mutation: You are surrounded by a moderate repulsion field (EV +3). [mutagenic meat]
 29615 | Snake:3  | Gained mutation: Your body sometimes deteriorates upon taking damage. [mutagenic meat]
 29971 | Snake:4  | Entered Level 4 of the Snake Pit
 30085 | Snake:4  | Reached XP level 17. HP: 128/158 MP: 17/17
 30687 | Snake:4  | Reached skill level 20 in Polearms
 31100 | Snake:4  | Lost mutation: Your body sometimes deteriorates upon taking damage. [mutagenic meat]
 31101 | Snake:4  | Gained mutation: Your system is resistant to poisons. [mutagenic meat]
 31268 | Snake:4  | Reduced skill Staves to level 1
 31279 | Snake:4  | Reached skill level 21 in Polearms
 32026 | Snake:4  | Gained mutation: You possess an exceptional clarity of mind. [mutagenic meat]
 32027 | Snake:4  | Lost mutation: You are agile. (Dex +2) [mutagenic meat]
 32028 | Snake:4  | Lost mutation: Your magical capacity is very low (-20% MP). [mutagenic meat]
 32029 | Snake:4  | Gained mutation: You are clumsy. (Dex -2) [mutagenic meat]
 32295 | Snake:4  | Reached skill level 22 in Polearms
 32837 | Snake:4  | Reached XP level 18. HP: 90/166 MP: 20/20
 32859 | Snake:4  | Got a serpentine rune of Zot
 33621 | Swamp:1  | Entered Level 1 of the Swamp
 33695 | Swamp:1  | Noticed Josephine
 33705 | Swamp:1  | Killed Josephine
 34397 | Swamp:2  | Identified the +5 quarterstaff of Misery {flame, *Confuse rN++ Int+6}
 35115 | Swamp:3  | Reached skill level 5 in Spellcasting
 35535 | Swamp:3  | Identified the +2 pair of gloves "Viniw" {Str+5}
 35678 | Swamp:4  | Entered Level 4 of the Swamp
 36324 | Swamp:4  | Reached skill level 5 in Charms
 36434 | Swamp:4  | Reached skill level 1 in Air Magic
 36448 | Swamp:4  | Reached skill level 1 in Hexes
 36586 | Swamp:4  | Got a decaying rune of Zot
 37183 | D:14     | Found Vosch's Distillery.
 37191 | D:14     | Bought a potion of mutation for 42 gold pieces
 37191 | D:14     | Bought a potion of might for 68 gold pieces
 37191 | D:14     | Bought a potion of berserk rage for 85 gold pieces
 37191 | D:14     | Bought a potion of heal wounds for 85 gold pieces
 37191 | D:14     | Bought a potion of agility for 68 gold pieces
 37191 | D:14     | Bought a potion of experience for 850 gold pieces
 37191 | D:14     | Bought a potion of heal wounds for 85 gold pieces
 37191 | D:14     | Bought 2 potions of curing for 102 gold pieces
 37191 | D:14     | Bought a potion of curing for 51 gold pieces
 37191 | D:14     | Bought a potion of mutation for 42 gold pieces
 37191 | D:14     | Reached XP level 19. HP: 172/172 MP: 21/24
 37613 | D:14     | Noticed Urug
 37617 | D:14     | Killed Urug
 37711 | D:14     | Lost mutation: You are clumsy. (Dex -2) [potion of mutation]
 37712 | D:14     | Gained mutation: You are partially covered in slimy green scales (AC +2). [potion of mutation]
 37937 | D:15     | Entered Level 15 of the Dungeon
 37974 | D:15     | Found a staircase to the Depths.
 38651 | Depths:1 | Entered Level 1 of the Depths
 38688 | Depths:1 | Reached XP level 20. HP: 161/180 MP: 25/25
 39055 | Depths:1 | Gained mutation: Your spells are a little harder to cast, but a little more powerful. [mutagenic meat]
 39105 | Depths:1 | Found a gateway to Hell.
 39114 | Depths:1 | Identified the cursed +0 helmet of Forking Paths {Int+5}
 39114 | Depths:1 | Identified a scroll of acquirement
 39132 | Depths:1 | Identified the cursed -5 cloak of Kumatwiu {-Tele rCorr Str+3 Dex-2} (You acquired it on level 1 of the Depths)
 39263 | Depths:1 | Gained mutation: You have razor-sharp toenails. [mutagenic meat]
 39781 | Depths:2 | Gained mutation: Your spells are harder to cast, but more powerful. [mutagenic meat]
 39783 | Depths:2 | Gained mutation: You are occasionally teleported to nearby monsters. [mutagenic meat]
 39786 | Depths:2 | Lost mutation: Your magical capacity is low (-10% MP). [mutagenic meat]
 39787 | Depths:2 | Lost mutation: You can spit weak poison. [mutagenic meat]
 39788 | Depths:2 | Gained mutation: You tend to lose your temper in combat. [mutagenic meat]
 39789 | Depths:2 | Gained mutation: Scrolls take you a little longer to read. [mutagenic meat]
 39790 | Depths:2 | Lost mutation: Your natural rate of healing is unusually fast. [mutagenic meat]
 39793 | Depths:2 | Lost mutation: Your spells are harder to cast, but more powerful. [mutagenic meat]
 40547 | Depths:2 | Gained mutation: You are covered in fur (AC +1). [mutagenic meat]
 40719 | Depths:2 | Lost mutation: You can translocate small distances at will. [mutagenic meat]
 40721 | Depths:2 | Gained mutation: Your muscles are strong. (Str +2) [mutagenic meat]
 40723 | Depths:2 | Lost mutation: You are covered in fur (AC +1). [mutagenic meat]
 40724 | Depths:2 | Lost mutation: Your muscles are strong. (Str +2) [mutagenic meat]
 41016 | Depths:2 | Lost mutation: You tend to lose your temper in combat. [evolution]
 41720 | Depths:2 | Reached XP level 21. HP: 82/191 MP: 29/29
 42980 | Lair:2   | Lost mutation: You possess an exceptional clarity of mind. [potion of cure mutation]
 42980 | Lair:2   | Lost mutation: You are partially covered in slimy green scales (AC +2). [potion of cure mutation]
 42980 | Lair:2   | Lost mutation: Scrolls take you a little longer to read. [potion of cure mutation]
 42980 | Lair:2   | Lost mutation: Your spells are a little harder to cast, but a little more powerful. [potion of cure mutation]
 42981 | Lair:2   | Lost mutation: You are surrounded by a moderate repulsion field (EV +3). [potion of cure mutation]
 42981 | Lair:2   | Lost mutation: You are occasionally teleported to nearby monsters. [potion of cure mutation]
 42981 | Lair:2   | Lost mutation: You evolve. [potion of cure mutation]
 42981 | Lair:2   | Lost mutation: Your system is resistant to poisons. [potion of cure mutation]
 42981 | Lair:2   | Lost mutation: You have razor-sharp toenails. [potion of cure mutation]
 43113 | D:5      | Bought a scroll of recharging for 114 gold pieces
 43113 | D:5      | Bought 3 scrolls of summoning for 342 gold pieces
 43367 | Vaults:1 | Entered Level 1 of the Vaults
 43435 | Vaults:1 | Found a magical portal.
 43492 | WizLab   | Entered Zonguldrok's Shrine
 43707 | WizLab   | Noticed an antique lich
 43718 | WizLab   | Killed an antique lich
 43727 | WizLab   | Identified Pacled's Incunabulum of Boosting Transmigration
 43869 | Vaults:1 | Found a sacrificial altar of Ru.
 43872 | Vaults:1 | Found Utoh's General Store.
 43887 | Vaults:1 | Identified the +4 ring mail of Defiance {Int+7} (You took it off a vault guard on level 1 of the Vaults)
 43919 | Vaults:1 | Bought a scroll of identify for 28 gold pieces
 43919 | Vaults:1 | Bought a scroll of teleportation for 42 gold pieces
 43919 | Vaults:1 | Bought a potion of curing for 42 gold pieces
 45986 | Vaults:2 | Found a staircase to the Crypt.
 46165 | Vaults:2 | Reached XP level 22. HP: 206/206 MP: 30/30
 47196 | Vaults:4 | Noticed Margery
 47375 | Vaults:3 | Killed Margery
 48092 | Vaults:3 | Identified the +7 long sword of the Gloaming {slice, Dex+8}
 48646 | Lair:2   | Learned a level 4 spell: Cause Fear
 48652 | Lair:2   | Learned a level 5 spell: Silence
 49758 | Vaults:4 | Noticed Jory
 49780 | Vaults:4 | Killed Jory
 50226 | Vaults:5 | Entered Level 5 of the Vaults
 50272 | Vaults:4 | Reached XP level 23. HP: 167/221 MP: 31/31
 50968 | Vaults:5 | Noticed an ancient lich
 50973 | Vaults:5 | Killed an ancient lich
 51208 | Vaults:5 | Identified the ring "Xaofux" {rN+ AC+3 Int+4} (You took it off an ironbrand convoker on level 5 of the Vaults)
 51216 | Vaults:5 | Noticed an ancient lich
 51469 | Vaults:5 | Reached skill level 23 in Fighting
 51636 | Vaults:5 | Identified the +9 scimitar "Coel" {pain, rPois Dex+2} (You took it off a salamander stormcaller on level 5 of the Vaults)
 51644 | Vaults:5 | Got the uncursed buckler "Jutru" {Slay+2}
 51751 | Vaults:5 | Reached skill level 24 in Fighting
 52095 | Vaults:5 | Killed an ancient lich
 52224 | Vaults:5 | Got a silver rune of Zot
 52362 | Vaults:5 | Lost mutation: You are surrounded by a mild repulsion field (EV +2). [helix card]
 52362 | Vaults:5 | Gained mutation: You are agile. (Dex +2) [helix card]
 52369 | Vaults:5 | Reached XP level 24. HP: 239/239 MP: 31/31
 52648 | Vaults:5 | Identified the +1 mace of Reason {crush, *Drain rElec MR+ Dex+3}
 52649 | Vaults:5 | Identified the cursed +0 fire dragon armour of Pleasant Breezes {+Blink rF++ rC- Regen+ Str+4}
 53484 | Slime:1  | Entered Level 1 of the Pits of Slime
 54108 | Slime:3  | Reached skill level 25 in Fighting
 54520 | Slime:6  | Entered Level 6 of the Pits of Slime
 55357 | Slime:5  | Found a viscous altar of Jiyva.
 55824 | Slime:4  | Reached skill level 26 in Fighting
 56035 | Slime:6  | Noticed the royal jelly
 56439 | Slime:6  | Cast into the Abyss (drawing a card)
 56439 | Abyss:1  | Found a corrupted altar of Lugonu.
 56571 | Slime:6  | Escaped the Abyss
 57177 | Slime:6  | Found a viscous altar of Jiyva.
 57395 | Slime:6  | Killed the royal jelly
 57871 | Slime:6  | Identified a +5 rod of the swarm (12/12)
 57938 | Slime:6  | Got a slimy rune of Zot
 58241 | Lair:2   | Reached XP level 25. HP: 253/253 MP: 31/32
 58247 | Lair:2   | Learned a level 2 spell: Blink
 58254 | Lair:2   | Learned a level 6 spell: Haste
 58261 | Lair:2   | Learned a level 6 spell: Deflect Missiles
 58587 | Depths:2 | Reached skill level 1 in Translocations
 58697 | Depths:2 | Noticed the Enchantress
 58699 | Depths:2 | Noticed a golden dragon
 58723 | Depths:2 | Identified the cursed +1 scythe of the Silent Majority {venom, Stlth+}
 58728 | Depths:2 | Killed the Enchantress
 58728 | Depths:2 | Identified the +1 faerie dragon armour {rElec rF- Regen+ Int+2} (You took it off the Enchantress on level 2 of the Depths)
 59282 | Depths:2 | Killed a golden dragon
 59694 | Depths:3 | Found a one-way gate leading to the halls of Pandemonium.
 59722 | Depths:3 | Reached XP level 26. HP: 261/261 MP: 32/32
 60478 | Depths:3 | Identified the cursed +0 crystal plate armour of Pantheism {rPois rCorr} (You acquired it on level 3 of the Depths)
 60744 | Depths:3 | Found a gateway to a ziggurat.
 60915 | Depths:3 | Identified the +8 blowgun of the Old World {evade, rElec SInv}
 61023 | Depths:3 | Paralysed by a vampire knight for 3 turns
 61221 | Depths:5 | Entered Level 5 of the Depths
 61227 | Depths:5 | Noticed a juggernaut
 61280 | Depths:4 | Noticed Mara
 61459 | Depths:4 | Noticed a juggernaut
 62616 | Depths:4 | Killed a juggernaut
 62764 | Depths:4 | Found a one-way gate to the infinite horrors of the Abyss.
 62820 | Depths:4 | Noticed Xuu's illusion
 62820 | Depths:4 | Killed Mara
 62842 | Depths:5 | Reached skill level 27 in Fighting
 63307 | Depths:5 | Killed a juggernaut
 63307 | Depths:5 | Reached XP level 27. HP: 273/273 MP: 32/32
 63395 | Depths:5 | Noticed Boris
 63412 | Depths:5 | Killed Boris
 63430 | Depths:5 | Found a snail-covered altar of Cheibriados.
 63432 | Depths:5 | Noticed Xtahua
 63440 | Depths:5 | Noticed a juggernaut
 63458 | Depths:5 | Killed Xtahua
 63477 | Depths:5 | Killed a juggernaut
 64221 | Depths:5 | Found a gate to the Realm of Zot.
 65051 | Elf:1    | Entered Level 1 of the Elven Halls
 65137 | Elf:1    | Found Lamex's Weapon Shoppe.
 66264 | Elf:2    | Found a portal to a secret trove of treasure.
 66593 | Elf:2    | Found a runed gate.
 66593 | Elf:2    | Found a runed gate.
 66594 | Elf:2    | Found a runed gate.
 66702 | Elf:2    | Noticed Donald
 66715 | Elf:2    | Killed Donald
 67039 | Elf:3    | Entered Level 3 of the Elven Halls
 67058 | Elf:3    | Identified the cursed +0 ring mail "Rasef" {Str+2}
 67085 | Elf:3    | Found Egour's Food Boutique.
 67186 | Elf:3    | Reached skill level 5 in Air Magic
 67516 | Elf:3    | Identified the +0 scale mail "Zuetze" {rC++ MR- Int+4}
 67975 | Elf:3    | Identified the amulet of Agineosm {rMut Int+4} (You took it off a deep elf blademaster on level 3 of the Elven Halls)
 68167 | Elf:3    | Identified the ring of Qosovipp {SustAt *Confuse rElec rC+ Int+5} (You took it off a deep elf mage on level 3 of the Elven Halls)
 68180 | Elf:3    | Identified the +4 battleaxe of the Middle {pain, *Contam Int+6} (You took it off a deep elf demonologist on level 3 of the Elven Halls)
 68355 | Elf:3    | Identified the +5 ring mail of Pessimism {rPois Int+4} (You took it off a deep elf master archer on level 3 of the Elven Halls)
 68401 | Elf:3    | Identified Koaf's Guide on Conjuration (You found it on level 3 of the Elven Halls)
 68406 | Elf:3    | Learned a level 2 spell: Song of Slaying
 68410 | Elf:3    | Learned a level 3 spell: Tukima's Dance
 68414 | Elf:3    | Learned a level 3 spell: Regeneration
 68463 | Elf:3    | Identified the cursed +0 great sword "Tucara" {slice, MR+++} (You took it off a deep elf demonologist on level 3 of the Elven Halls)
 68477 | Elf:3    | Identified the +7 war axe of Demand {speed, rC- Str+2 Dex+5}
 68517 | Elf:3    | Identified the Papyrus of the Pure Demons (You found it on level 3 of the Elven Halls)
 69169 | Depths:4 | Voluntarily entered the Abyss.
 69169 | Abyss:1  | Found a corrupted altar of Lugonu.
 69241 | Abyss:1  | Found an ancient bone altar of Kikubaaqudgha.
 69682 | Abyss:2  | Found a burning altar of Makhleb.
 69862 | Abyss:2  | Found a shattered altar of Ashenzari.
 69888 | Abyss:3  | Found a corrupted altar of Lugonu.
 69888 | Abyss:3  | Found a corrupted altar of Lugonu.
 70255 | Abyss:4  | Reached skill level 27 in Dodging
 70394 | Abyss:4  | Found a shadowy altar of Dithmenos.
 70396 | Abyss:4  | Found a glowing golden altar of the Shining One.
 70402 | Abyss:4  | Found an iron altar of Okawaru.
 70417 | Abyss:4  | Found a burning altar of Makhleb.
 70417 | Abyss:4  | Found a glowing silver altar of Zin.
 70417 | Abyss:4  | Found a snail-covered altar of Cheibriados.
 70418 | Abyss:4  | Found a stormy altar of Qazlal.
 70418 | Abyss:4  | Found a basalt altar of Yredelemnul.
 70418 | Abyss:4  | Found a shattered altar of Ashenzari.
 70419 | Abyss:4  | Found an opulent altar of Gozag.
 70419 | Abyss:4  | Found a radiant altar of Vehumet.
 70419 | Abyss:4  | Found a sparkling altar of Nemelex Xobeh.
 70434 | Abyss:4  | Found a white marble altar of Elyvilon.
 70434 | Abyss:4  | Found a bloodstained altar of Trog.
 70434 | Abyss:4  | Found an ancient bone altar of Kikubaaqudgha.
 70436 | Abyss:4  | Found a blossoming altar of Fedhas.
 70436 | Abyss:4  | Found a deep blue altar of Sif Muna.
 70436 | Abyss:4  | Found a shimmering altar of Xom.
 70587 | Abyss:4  | Found a stormy altar of Qazlal.
 70704 | Abyss:4  | Reached skill level 10 in Spellcasting
 70731 | Abyss:4  | Found a runed door.
 70731 | Abyss:4  | Found a runed door.
 70778 | Abyss:4  | Found a runed door.
 70791 | Abyss:4  | Found a runed door.
 70799 | Abyss:4  | Got an abyssal rune of Zot
 70852 | Depths:4 | Escaped the Abyss
 71564 | Pan      | Entered Pandemonium
 71836 | Pan      | Found an exit through the horrors of the Abyss.
 71970 | Pan      | Noticed Giejer the pandemonium lord
 71985 | Pan      | Killed Giejer the pandemonium lord
 72198 | Pan      | Noticed Joeheck the pandemonium lord
 72362 | Pan      | Found an exit through the horrors of the Abyss.
 73066 | Pan      | Found an exit through the horrors of the Abyss.
 73110 | Pan      | Noticed Loczaon the pandemonium lord
 73691 | Pan      | Noticed Luntiado the pandemonium lord
 73704 | Pan      | Killed Luntiado the pandemonium lord
 73750 | Pan      | Learned a level 2 spell: Stoneskin
 74323 | Pan      | Found an exit through the horrors of the Abyss.
 74336 | Pan      | Noticed Omicvat the pandemonium lord
 74355 | Pan      | Killed Omicvat the pandemonium lord
 74493 | Pan      | Noticed Qicw the pandemonium lord
 74504 | Pan      | Found an exit through the horrors of the Abyss.
 74598 | Pan      | Reached skill level 10 in Charms
 74680 | Pan      | Noticed Zueros the pandemonium lord
 74706 | Pan      | Killed Zueros the pandemonium lord
 74781 | Pan      | Got a demonic rune of Zot
 75815 | Pan      | Noticed a seraph
 75834 | Pan      | Killed a seraph
 75834 | Pan      | Identified the ring of Letihoc {SustAt rElec rN+ Slay+3} (You took it off a seraph in Pandemonium)
 75861 | Pan      | Found a glowing golden altar of the Shining One.
 76223 | Pan      | Entered the realm of Gloorx Vloq.
 76223 | Pan      | Found an exit through the horrors of the Abyss.
 76410 | Pan      | Noticed Gloorx Vloq
 76930 | Pan      | Got a dark rune of Zot
 77002 | Pan      | Killed Gloorx Vloq
 77211 | Pan      | Noticed Azyoha the pandemonium lord
 77219 | Pan      | Found an exit through the horrors of the Abyss.
 77256 | Pan      | Reached skill level 1 in Earth Magic
 77257 | Pan      | Noticed Doloomef the pandemonium lord
 77266 | Pan      | Cast into the Abyss (Doloomef)
 77325 | Pan      | Escaped the Abyss
 77348 | Pan      | Reached skill level 1 in Evocations
 77742 | Pan      | Noticed Noprar the pandemonium lord
 77752 | Pan      | Killed Noprar the pandemonium lord
 77860 | Pan      | Found an exit through the horrors of the Abyss.
 77961 | Pan      | Entered the realm of Mnoleg.
 78037 | Pan      | Learned a level 1 spell: Apportation
 78040 | Pan      | Identified the cursed +1 hat "Dyutas" {Str+5 Int+3} (You acquired it in Pandemonium)
 78121 | Pan      | Reached skill level 5 in Evocations
 78172 | Pan      | Reached skill level 5 in Earth Magic
 78206 | Pan      | Noticed Mnoleg
 78220 | Pan      | Killed Mnoleg
 78284 | Pan      | Got a glowing rune of Zot
 78679 | Pan      | Found an exit through the horrors of the Abyss.
 78750 | Pan      | Entered the realm of Cerebov.
 78945 | Pan      | Reached skill level 15 in Spellcasting
 79113 | Pan      | Identified the ring of the Establishment {+Fly Str-2 Int+4 Dex+4 SInv} (You took it off a balrug in Pandemonium)
 79137 | Pan      | Noticed Cerebov
 79164 | Pan      | Identified the +10 broad axe "Xenaidav" {drain, Str+4} (You took it off a balrug in Pandemonium)
 79184 | Pan      | Killed Cerebov
 79193 | Pan      | Identified the +8 mace of the Goat {pain, rF- Int+3 SInv}
 79260 | Pan      | Identified the +3 rapier of Beogh's Vengeance {pierce, rElec rF- MR+ Str+2}
 79309 | Pan      | Got a fiery rune of Zot
 79424 | Pan      | Found an exit through the horrors of the Abyss.
 79468 | Pan      | Entered the realm of Lom Lobon.
 79468 | Pan      | Noticed Lom Lobon
 79480 | Pan      | Reached skill level 5 in Translocations
 80334 | Pan      | Found an exit through the horrors of the Abyss.
 80524 | Pan      | HP: 1/273 [Lom Lobon/great icy blast (50)]
 80524 | Pan      | Killed by an exploding ball lightning

Vault maps used:
D:1:      lightli_arrival_windingriver
D:2:      uniq_sigmund
D:3:      first_bread
D:5:      serial_shops, shop, uniq_pikel
D:6:      overflow_temple_1_default, kennysheep_generic_room_6
D:7:      minmay_temple_entry_from_below_a, serial_shops,
          nicolae_shop_behind_doors, grunt_livestock, uniq_menkaure
D:8:      lair_0_dummy
D:9:      orc_0_dummy, lemuel_angel_altar
D:11:     portal_ice_cave_entry_pillars_02, nicolae_benzene_ring, uniq_psyche
D:12:     serial_co_window_serial, co_window_corner_a, co_window_corner_a,
          co_window_paths_b, co_window_corner_a, co_window_corner_a,
          co_window_corner_a, co_window_broadway_c, co_window_of_opportunity_b,
          co_window_unsneaky_path_d, co_window_unsneaky_path_c,
          co_window_broadway_b, glass_columns_a, glass_columns_a
D:13:     lightli_vaults_fourway_checkpoint, serial_shops,
          nicolae_shop_statue_plus, basic_altar
D:14:     serial_shops, shop, uniq_urug
D:15:     hangedman_depths_entry_civil_slaughter
Temple:   kilobyte_greek_temple_18
Lair:3:   minmay_snake_entry_guardpost_small, minmay_holes,
          serial_bayou_shore_b, lemuel_fruit_tree
Lair:4:   beast_lair_carwin_large_1, serial_bayou_shore_b
Lair:6:   swamp_mist, slime_dummy, infiniplex_staircase_pool
Lair:7:   wad_woods_river_01
Lair:8:   minmay_lair_end_enchanted_forest
Swamp:1:  evilmike_swamp_ruin_house_1, uniq_josephine
Swamp:2:  evilmike_swamp_ruin_rubble_1
Swamp:3:  hangedman_swamp_ruin_wall
Swamp:4:  swamp_vile, swamp_pool1, nicolae_swamp_trees_clearing
Snake:1:  spider_trap
Snake:2:  st_stairs_5
Snake:3:  nrook_guardian_serpent_ordinary, grunt_megastairs_1
Snake:4:  grunt_snake_rune_spirals, grunt_ministairs_13, serial_bayou_shore_b
Slime:5:  basic_altar
Orc:1:    uniq_nergalle
Orc:2:    serial_shops, shop, nicolae_orc_lava_tube
Orc:3:    basic_altar, nicolae_orc_pool_cavern
Orc:4:    grunt_orc_cross, sword_in_stone
Elf:1:    eino_elf_arrival_customs, serial_shops, shop,
          hangedman_elven_crosses_minicolossus, st_stairs_5,
          guppyfry_library_mini
Elf:2:    enter_trove_6, uniq_donald
Elf:3:    elf_hall_gauntlet_narrow, serial_shops, shop
Vaults:1: v_alt_pattern_3, v_alt_pattern_5, vaults_dpeg_spiral,
          ontoclasm_vaults_ring_large, hangedman_vaults_trim,
          nicolae_vaults_mini_display_case, hangedman_vaults_river_flow,
          v_misc_33, grunt_vaults_hallway_long,
          vaults_mumra_minichess_inversion, grunt_vaults_hallway_short,
          serial_shops, nicolae_shop_waterfront,
          lightli_enter_wizlab_magi_temple, basic_altar
Vaults:2: v_pattern_1, grunt_vaults_diagonal, minmay_crypt_entry_simple_walls,
          hangedman_vaults_cutoff, v_misc_33, v_misc_11, vaults_dpeg_cross,
          vaults_mumra_chevron_long, nicolae_vaults_murderbox, v_misc_29,
          ontoclasm_vaults_decontamination, v_misc_10, nicolae_vaults_little_ls,
          vaults_room_pools
Vaults:3: ontoclasm_vaults_shuriken, v_misc_4, v_rooms_4,
          hangedman_vaults_cutoff, nicolae_vaults_what_the_h,
          vaults_room_guarded_vault, vaults_dpeg_ring, v_misc_25
Vaults:4: v_pattern_5, ontoclasm_vaults_pinch, serial_ice_g, v_rooms_2,
          hangedman_vaults_unwind, nicolae_vaults_alarming,
          nicolae_vaults_little_squares_4, v_misc_33, hangedman_vaults_stream,
          vaults_room_hallway, ontoclasm_vaults_ring_small,
          grunt_vaults_hallway_long, v_misc_13, nicolae_vaults_asterisk,
          uniq_margery, uniq_jory
Depths:1: hell_entry, corexii_corridor_pit, nrook_mini_backslash,
          kennysheep_boxes, serial_bayou_shore_b
Depths:2: gammafunk_depths_water_palace, fountainhead, hell_entry
Depths:3: grunt_deathspiral_large, enter_ziggurat_e, minmay_staircase_bubble,
          hell_entry, rand_demon_pan_entry_1, bh_chokoban,
          basic_stair_grate_trap
Depths:4: hangedman_arrow_trap, hell_entry, marbit_kobold_abyss_entry,
          grunt_pan_entry_zigzag, uniq_mara
Depths:5: grunt_zot_entry_gee_three, hell_entry, cheibriados_altar_1,
          uniq_boris, uniq_xtahua
Abyss:1:  evilmike_abyss_exit_14
Abyss:2:  minivault_27
Abyss:3:  minivault_4, hangedman_decor_points, minivault_25,
          evilmike_abyss_rune_tentacle_tunnel
Abyss:4:  grunt_abyss_rune_the_horror, evilmike_abyss_exit_7
Pan:      nicolae_pan_giant_door, grunt_pan_in_and_out,
          evilmike_mini_pan_corridor, pan_captured_pigsty, evilmike_mini_pan_V,
          pan_blood_fountain_small, rand_demon_1, grunt_pan_zigzag,
          pan_blood_fountain_small, evilmike_mini_pan_layers,
          pan_blood_fountain_small, evilmike_mini_pan_corridor,
          pan_blood_fountain_small, evilmike_mini_pan_possible_glass,
          nicolae_pan_diamonds, pan_blood_fountain, evilmike_holy_pan,
          evilmike_mini_pan_thingy, gloorx_vloq, nicolae_pan_lom_lobonic_3,
          rand_demon_5, nicolae_pan_diamonds, evilmike_mini_pan_doors,
          nicolae_pan_double_arrow, mnoleg_st, cerebov_grunt,
          nicolae_pan_sigil_eeng, rand_demon_5, rand_demon_8,
          evilmike_mini_pan_rooms, grunt_pan_pentagram, enter_ziggurat_pan_a,
          lom_lobon_grunt_wind_tunnels
IceCv:    ice_cave_caverns_03
WizLab:   wizlab_zonguldrok

Action                   |  1- 3 |  4- 6 |  7- 9 | 10-12 | 13-15 | 16-18 | 19-21 | 22-24 | 25-27 || total
-------------------------+-------+-------+-------+-------+-------+-------+-------+-------+-------++-------
Melee: Quarterstaff      |    56 |   118 |   353 |   849 |  2364 |       |       |       |       ||  3740
       Bardiche          |       |       |       |       |   105 |  1399 |  1366 |  1666 |  3883 ||  8419
Throw: Throwing net      |     1 |       |       |       |       |       |       |       |       ||     1
       Javelin           |       |       |     6 |    23 |    44 |     5 |       |       |       ||    78
       Tomahawk          |       |       |       |       |    10 |       |       |       |       ||    10
 Cast: Repel Missiles    |       |       |       |       |       |     4 |       |     1 |     5 ||    10
       Spectral Weapon   |       |       |       |       |       |       |     1 |     4 |     6 ||    11
       Blink             |       |       |       |       |       |       |       |       |     6 ||     6
       Regeneration      |       |       |       |       |       |       |       |       |    44 ||    44
       Haste             |       |       |       |       |       |       |       |       |     9 ||     9
       Stoneskin         |       |       |       |       |       |       |       |       |     5 ||     5
       Silence           |       |       |       |       |       |       |       |       |     4 ||     4
       Tukima's Dance    |       |       |       |       |       |       |       |       |     3 ||     3
       Deflect Missiles  |       |       |       |       |       |       |       |       |     3 ||     3
       Song of Slaying   |       |       |       |       |       |       |       |       |     2 ||     2
Invok: Transfer Knowledg |       |       |       |       |     2 |     3 |       |       |       ||     5
       Scrying           |       |       |       |       |       |       |     2 |       |     3 ||     5
 Abil: Spit Poison       |       |       |       |       |     2 |       |       |       |       ||     2
       Evoke Flight      |       |       |       |       |       |     6 |     4 |       |       ||    10
Evoke: Wand              |       |       |       |    13 |    25 |    25 |    22 |    10 |    40 ||   135
       Deck              |       |       |       |       |       |       |     4 |    12 |     3 ||    19
       Box of beasts     |       |       |       |       |       |       |       |       |     1 ||     1
  Use: Potion            |     1 |       |     5 |     5 |     9 |     2 |     6 |     8 |    31 ||    67
       Scroll            |     1 |       |     7 |    13 |    53 |    10 |     9 |    29 |    42 ||   164
 Stab: Invisible         |       |       |       |       |     2 |       |       |     2 |       ||     4
       Distracted        |       |       |       |       |     1 |       |     1 |     1 |     6 ||     9
       Petrifying        |       |       |       |       |       |       |       |       |     3 ||     3
  Eat: Chunk             |       |     5 |     7 |    27 |   117 |    45 |    56 |    24 |    40 ||   321
       Bread ration      |       |       |     1 |       |       |       |       |       |     2 ||     3
       Fruit             |       |       |       |     2 |       |       |       |     3 |    10 ||    15
       Beef jerky        |       |       |       |       |       |       |       |     7 |    14 ||    21
       Meat ration       |       |       |       |       |       |       |       |       |     1 ||     1
       Royal jelly       |       |       |       |       |       |       |       |       |     1 ||     1
       Pizza             |       |       |       |       |       |       |       |       |     1 ||     1
